 Dungeon Crawl Stone Soup version 0.22-a0-419-g492bfec (webtiles) character file.

336 Ijustatesigmund the Shield-Bearer (level 6, -3/47 HPs)
             Began as a Formicid Fighter on May 15, 2018.
             Splashed by Ijyb's acid (14 damage)
             ... on level 3 of the Dungeon.
             The game lasted 00:05:57 (1890 turns).

Ijustatesigmund the Shield-Bearer (FoFi)            Turns: 1890, Time: 00:05:58

Health: -3/47      AC:  3    Str: 21    XL:     6   Next: 84%
Magic:  6/6        EV:  9    Int:  7    God:
Gold:   187        SH: 10    Dex: 12    Spells: 5/5 levels left

rFire    . . .     SeeInvis +   a - +0 quarterstaff
rCold    . . .     Gourm    .   c - +0 shield
rNeg     . . .     Faith    .   b - +0 ring mail (curse)
rPois    .         Spirit   .   (helmet unavailable)
rElec    .         Reflect  .   (no cloak)
rCorr    .         Harm     .   j - +1 pair of gloves
MR       .....                  (no boots)
Stlth    +.........             (no amulet)
HPRegen  0.15/turn              (no ring)
MPRegen  0.10/turn              (no ring)

@: corroded
A: permanent stasis, dig shafts and tunnels, four strong arms, antennae 3
a: Dig, Shaft Self


You were on level 3 of the Dungeon.
You were not hungry.

You visited 1 branch of the dungeon, and saw 3 of its levels.

You collected 187 gold pieces.

Inventory:

Hand Weapons
 a - a +0 quarterstaff (weapon)
Armour
 b - a cursed +0 ring mail (worn)
 c - a +0 shield (worn)
 j - a +1 pair of gloves (worn)
Wands
 e - a wand of acid (4)
 n - a wand of disintegration (21)
Scrolls
 h - 2 scrolls of amnesia
Potions
 k - 2 potions of flight {unknown}
 l - a potion of berserk rage {unknown}
 m - a potion of brilliance {unknown}
Comestibles
 f - 4 rations
 g - a chunk of flesh


   Skills:
 - Level 3.2 Fighting
 + Level 4.9 Staves
 - Level 3.2 Armour
 + Level 6.5 Shields


You had 5 spell levels left.
You didn't know any spells.
Your spell library was empty.

Dungeon Overview and Level Annotations

Branches:
Dungeon (3/15)

Altars:
Okawaru

Annotations:
D:3 Ijyb


Innate Abilities, Weirdness & Mutations

You cannot be hasted, slowed, berserked, paralysed or teleported.
You can dig through walls and to a lower floor.
Your four strong arms can wield two-handed weapons with a shield.
You have a pair of large antennae on your head. (SInv)


Message History

Ijyb hits you.
You sock Ijyb!
Ijyb is moderately wounded.
Ijyb completely misses you. x2
You thump Ijyb!
Ijyb is severely wounded.
The rat bites you but does no damage. You block Ijyb's attack.
You closely miss Ijyb.
Ijyb is severely wounded.
The rat bites you.
Ijyb zaps a wand.
The bolt of acid hits you! The acid corrodes you!
You are splashed with acid!
The acid burns!
You hit Ijyb but do no damage.
Ijyb is severely wounded.
You block the rat's attack. Ijyb hits you.
* * * LOW HITPOINT WARNING * * *
You feel better. The rat bites you but does no damage.
Ijyb zaps a wand.
The bolt of acid hits you!
* * * LOW HITPOINT WARNING * * *
You are splashed with acid!
The acid burns!
You die...

#.#######.......# #.#
##.#.##.# # #. #.#.#
... ###.# ##.#.# .##
....# (.#.# .## #####
... .. # #.##.###
#..gr..# #. #..@...#
#.##.#....#
###.#...###.#
#...........#
#.......#####
##....<.########
#####..................
...............########
#####.###......##


You could see Ijyb and a rat.

Vanquished Creatures
  A hungry ghost (D:3)
  Natasha (twice) (D:3)
  A gnoll (D:1)
  6 adders
  2 oozes
  4 worms
  4 leopard geckos
  6 orcs (D:3)
  2 giant cockroaches (D:1)
  5 goblins
  7 hobgoblins
  2 ball pythons
  8 bats
  4 frilled lizards
  4 kobolds
  7 rats
65 creatures vanquished.

Notes
Turn   | Place    | Note
-------+----------+-------------------------------------------
     0 | D:1      | Ijustatesigmund the Formicid Fighter began the quest for the Orb.
     0 | D:1      | Reached XP level 1. HP: 18/18 MP: 1/1
    75 | D:1      | Reached skill level 4 in Shields
    75 | D:1      | Reached XP level 2. HP: 19/24 MP: 2/2
   117 | D:1      | Reached XP level 3. HP: 24/29 MP: 3/3
   510 | D:2      | Reached XP level 4. HP: 22/35 MP: 4/4
   826 | D:2      | Reached skill level 5 in Shields
  1181 | D:2      | Reached XP level 5. HP: 39/41 MP: 5/5
  1520 | D:3      | Noticed a hungry ghost
  1547 | D:3      | Killed a hungry ghost
  1547 | D:3      | Reached skill level 6 in Shields
  1547 | D:3      | Reached XP level 6. HP: 34/47 MP: 6/6
  1846 | D:3      | Found an iron altar of Okawaru.
  1850 | D:3      | Noticed Natasha
  1857 | D:3      | Killed Natasha
  1862 | D:3      | Noticed Natasha
  1869 | D:3      | Killed Natasha
  1877 | D:3      | Noticed Ijyb
  1890 | D:3      | Splashed by Ijyb's acid

Vault maps used:
D:1:      dpeg_arrival_houses_and_road, minmay_pentomino_v4
D:2:      kennysheep_six_static_rooms, kennysheep_generic_room_8
D:3:      okawaru_gym_becter, uniq_natasha, uniq_ijyb, uniq_jessica

Skill      XL: |  1  2  3  4  5 |
---------------+----------------+-----
Shields        | 4 5 6 |  6.5
Staves         | 3 4 |  4.9
Fighting       | |  3.2
Armour         | |  3.2

Action                   |  1- 3 |  4- 6 || total
-------------------------+-------+-------++-------
Melee: Quarterstaff      |    87 |   152 ||   239
 Abil: Dig               |       |     2 ||     2
Evoke: Wand              |       |     1 ||     1
  Use: Potion            |     1 |     2 ||     3
       Scroll            |     2 |     5 ||     7
  Eat: Ration            |       |     3 ||     3
       Chunk             |       |     2 ||     2
Armor: Scale mail        |    33 |    32 ||    65
       Ring mail         |       |     9 ||     9
Dodge: Dodged            |    20 |    43 ||    63
Block: Shield            |    61 |    71 ||   132

Table legend:
 A = Spawn XP
 B = Non-spawn XP
 C = Spawn XP percentage of total XP
 D = Spawn monster count
 E = Non-spawn monster count
 F = Spawn count percentage of total count
 G = Total turns spent on level
                    A         B        C        D         E        F      G
               +---------+---------+-------+---------+---------+-------+---------
         Total |       0 |     480 |   0.0 |       0 |      65 |   0.0 |  1890
               +---------+---------+-------+---------+---------+-------+---------
           D:1 |       0 |      65 |   0.0 |       0 |      27 |   0.0 |   491
           D:2 |       0 |      86 |   0.0 |       0 |      20 |   0.0 |   988
           D:3 |       0 |     329 |   0.0 |       0 |      18 |   0.0 |   411
               +---------+---------+-------+---------+---------+-------+---------
